 Dungeon Crawl Stone Soup version 0.25-a0-578-gc91f01c39c (webtiles) character file.

Game seed: 11641597632552028679, levelgen mode: deterministic

41 An17 the Insei (level 3, 0/17 HPs)
             Began as a Vine Stalker Transmuter on Mar 4, 2020.
             Slain by a centaur skeleton (3 damage)
             ... on level 2 of the Dungeon.
             The game lasted 00:03:24 (1282 turns).

An17 the Insei (Vine Stalker Transmuter)            Turns: 1282, Time: 00:03:24

Health: 0/17       AC:  2    Str: 12    XL:     3   Next: 52%
Magic:  0/8        EV: 12    Int: 11    God:
Gold:   92         SH:  0    Dex: 14    Spells: 4/7 levels left

rFire    . . .     SeeInvis .     - Unarmed
rCold    . . .     Gourm    .   (no shield)
rNeg     . . .     Faith    .   b - +0 robe
rPois    .         Spirit   +   (no helmet)
rElec    .         Reflect  .   (no cloak)
rCorr    .         Harm     .   (no gloves)
MR       .....                  (boots currently unavailable)
Stlth    +.........             (no amulet)
HPRegen  0.05/turn              k - -3 ring of intelligence (curse)
MPRegen  0.11/turn              (no ring)

@: lethally poisoned (0 -> -4), appendage (expiring)
A: fangs 2, talons 3, magic shield, antimagic bite, no potion heal 3, rot
immunity
a: End Transformation


You were on level 2 of the Dungeon.
You were not hungry.
You had grown temporary talons.
You visited 1 branch of the dungeon, and saw 2 of its levels.

You collected 92 gold pieces.

Inventory:

Hand Weapons
 h - a +0 dagger of venom
Missiles
 a - 53 arrows
Armour
 b - a +0 robe (worn)
Jewellery
 k - a cursed -3 ring of intelligence (left hand)
Scrolls
 d - a scroll of random uselessness {unknown}
 e - a scroll of blinking
 g - a scroll of identify
Potions
 j - a potion of stabbing {unknown}


   Skills:
 + Level 0.9 Fighting
 + Level 1.8 Dodging
 + Level 0.1 Stealth
 + Level 3.7 Unarmed Combat
 + Level 2.7 Spellcasting
 + Level 2.2 Transmutations


You had 4 spell levels left.
You knew the following spells:

 Your Spells              Type           Power        Failure   Level  Hunger
a - Beastly Appendage     Tmut           #.....       11%         1    #......
b - Sticks to Snakes      Tmut           #.......     16%         2    ###....

Your spell library contained the following spells:

 Spells                   Type           Power        Failure   Level  Hunger
 Spider Form              Tmut/Pois      #.........   45%         3    ###....
 Ice Form                 Ice/Tmut       #.......     86%         4    #####..
 Blade Hands              Tmut           #.........   96%         5    ######.


Dungeon Overview and Level Annotations

Branches:
Dungeon (2/15)

Altars:


Innate Abilities, Weirdness & Mutations

You have extremely sharp teeth.
When hurt, damage is shared between your health and your magic reserves.
Your bite disrupts and absorbs the magic of your enemies.
Potions cannot restore your health.
You are immune to rotting.
You have claws for feet.


Message History

The adder is moderately wounded.
The adder closely misses you. The goblin closely misses you.
The rat barely misses you. The adder bites you.
* * * LOW HITPOINT WARNING * * *
You are lethally poisoned!
The adder poisons you!
As you read the scroll of fear, it crumbles to dust.
You assume a fearsome visage.
The giant cockroach looks frightened!
The goblin looks frightened!
The adder looks frightened!
The hobgoblin looks frightened!
The adder looks frightened!
The centaur skeleton is unaffected.
The rat looks frightened!
* * * LOW HITPOINT WARNING * * *
You feel sick.
You see here a smoky purple potion.
* * * LOW HITPOINT WARNING * * *
You feel sick.
It was a potion of heal wounds.
That seemed strangely inert.
The centaur skeleton hits you but does no damage.
The centaur skeleton hits you!
You die... g

.## .....# .. .# . #..
#..$.# ...#..
#.##?##....## ...##.##
.#.#..#.......
..##..###...##........
...#S.#%###......###.
#S##.#.#......###
#..##..#....†.#
#..@Z....g..###
#####.....r.#
#########


You could see an adder (fleeing), a goblin (fleeing), a rat (fleeing) and a
centaur skeleton.

Vanquished Creatures
  A worm (D:2)
  2 dart slugs (D:1)
  2 leopard geckos (D:1)
  4 bats
  2 giant cockroaches
  2 goblins (D:1)
  3 hobgoblins
  4 frilled lizards
  10 kobolds
  5 rats (D:1)
35 creatures vanquished.

Notes
Turn   | Place    | Note
-------+----------+-------------------------------------------
     0 | D:1      | An17 the Vine Stalker Transmuter began the quest for the
                  | Orb.
     0 | D:1      | Reached XP level 1. HP: 9/9 MP: 4/4
    69 | D:1      | Reached XP level 2. HP: 10/14 MP: 3/6
    80 | D:1      | Learned a level 2 spell: Sticks to Snakes
   344 | D:1      | Reached XP level 3. HP: 13/17 MP: 7/7
  1282 | D:2      | Slain by a centaur skeleton

Levels and vault maps discovered:
D:1:      sevenhm_arrival_forest_fort_large_2, layout_basic, serial_glass,
          glass_columns_b, glass_columns_a
D:2:      layout_rooms, minmay_pentomino_pile

Action                   || total
-------------------------++-------
Melee: Unarmed           ||    86
       Bite              ||    19
       Headbutt          ||     4
       Kick              ||     3
 Cast: Beastly Appendage ||    13
  Use: Scroll            ||     8
       Potion            ||     1
  Eat: Ration            ||     1
Armor: Robe              ||    20
Dodge: Dodged            ||    63

Table legend:
 A = Non-vault XP
 B = Vault XP
 C = Vault XP percentage of total XP
 D = Non-vault monster count
 E = Vault monster count
 F = Vault count percentage of total count
                 A         B        C        D         E       F
            +---------+---------+-------+---------+---------+-------
      Total |      59 |       0 |   0.0 |      35 |       0 |   0.0
            +---------+---------+-------+---------+---------+-------
        D:1 |      47 |       0 |   0.0 |      29 |       0 |   0.0
        D:2 |      12 |       0 |   0.0 |       6 |       0 |   0.0
            +---------+---------+-------+---------+---------+-------
